 Dungeon Crawl Stone Soup version 0.30.1-11-g7821555f0a (webtiles) character file.

Game seed: 9861132474663158262

406 mrzisme the Digger (level 6, -1/48 HPs)
             Began as a Gargoyle Earth Elementalist on Nov 6, 2023.
             Slain by a gnoll
             ... wielding a +0 club
             ... led by a gnoll bouda
              (5 damage)
             ... on level 3 of the Dungeon.
             The game lasted 00:18:17 (3422 turns).

mrzisme the Digger (Gargoyle Earth Elementalist)    Turns: 3422, Time: 00:18:18

Health: -1/48      AC:  6    Str: 12    XL:     6   Next: 87%
Magic:  10/11      EV: 11    Int: 17    God:
Gold:   202        SH:  0    Dex: 10    Spells: 2/12 levels left

rFire   . . .        c - +0 mace
rCold   . . .        (no shield)
rNeg    + . .        a - +0 robe
rPois   ∞            (no helmet)
rElec   +            (no cloak)
rCorr   .            (no gloves)
SInv    .            (no boots)
Will    .....        (no amulet) Stlth
                     (no ring)
HPRegen 0.28/turn    (no ring)
MPRegen 0.12/turn

%: no passive effects
@: berserking, very quick
A: sickness immunity, AC +4, negative energy resistance 1, electricity
resistance, torment resistance 1, petrification resistance
a: no special abilities


You were on level 3 of the Dungeon.
You visited 1 branch of the dungeon, and saw 4 of its levels.

You collected 202 gold pieces.

Inventory:

Hand Weapons
 c - a +0 mace (weapon)
 g - the +2 mace of Fimbulwinter {freeze, Fly rPois Int-4}
   (You found it on level 2 of the Dungeon)

   Int:       It affects your intelligence (-4).
   rPois:     It protects you from poison.
   Fly:       It grants you flight.
Missiles
 l - 6 poisoned darts (quivered)
Armour
 a - a +0 robe (worn)
Jewellery
 r - a ring of positive energy
Scrolls
 d - a scroll of fear
 h - a scroll of brand weapon {unknown}
 j - a scroll of poison {unknown}
 k - a scroll of noise {unknown}
 m - a scroll of vulnerability {unknown}
 p - a scroll of teleportation {unknown}
 q - a scroll of enchant armour {unknown}
Potions
 b - a potion of magic
 e - a potion of degeneration {unknown}
 f - a potion of curing
 n - a potion of lignification {unknown}
 o - a potion of cancellation {unknown}
 s - a potion of heal wounds {unknown}


   Skills:
 - Level 1.5 Dodging
 - Level 2.1 Stealth
 + Level 3.5 Spellcasting
 * Level 1.9 Conjurations
 - Level 2.4 Transmutations
 * Level 6.7 Earth Magic


You had 2 spell levels left.
You knew the following spells:

 Your Spells              Type           Power      Damage    Failure   Level
a - Sandblast             Erth           52%        2d12      1%          1
b - Passwall              Tmut/Erth      15%        N/A       3%          2
c - Stone Arrow           Conj/Erth      34%        3d9       9%          3
d - Petrify               Tmut/Erth      18%        N/A       26%         4

Your spell library contained the following spells:

 Spells                   Type           Power      Damage    Failure   Level
 Sting                    Tmut/Pois      28%        1d4       10%         1
 Poisonous Vapours        Pois/Air       6%         N/A       26%         2
 Animate Armour           Summ/Erth      28%        N/A       38%         4
 Inner Flame              Hex/Fire       3%         N/A       45%         3
 Manifold Assault         Tloc           3%         N/A       86%         4
 Olgreb's Toxic Radiance  Pois           3%         N/A       86%         4
 Blade Hands              Tmut           5%         N/A       86%         5
 Irradiate                Conj/Tmut      5%         3d13      88%         5
 Yara's Violent Unravell  Hex/Tmut       3%         3d4       95%         5
 Iron Shot                Conj/Erth      8%         9d3       99%         6
 Dispersal                Tloc           1%         N/A       100%        6
 Enfeeble                 Hex            1%         N/A       100%        7
 Disjunction              Tloc           1%         N/A       100%        8
 Sublimation of Blood     Necr           Unusable   N/A       N/A         2

Dungeon Overview and Level Annotations

Branches:
Dungeon (4/15)
 Temple: D:4-7

Altars:
Fedhas
Makhleb

Shops:
D:1 *   D:3 [


Innate Abilities, Weirdness & Mutations

You are immune to sickness and miasma.
Your stone body is resilient. (AC +4)
You are immune to poison.
You resist negative energy. (rN+)
You are resistant to electric shocks. (rElec)
You are resistant to unholy torment.
You are immune to petrification.


Message History

Confirm with . or Enter, or press ? or * to list all spells.
Aiming: Sandblast (safe; 1% risk of failure)
Press: ? - help, Shift-Dir - straight line, f - gnoll
Aim: a gnoll, wielding a +0 club (covering ground quickly, 85% to hit)
The blast of sand hits the gnoll.
The gnoll is moderately wounded.
The gnoll hits you with a +0 club.
The gnoll hits you with the +8 whip of Fate {heavy, Dex+3}!
The gnoll closely misses you. The gnoll hits you with a +0 club.
You climb upwards.
There is a stone staircase leading down here.
Casting: Sandblast (safe; 1% risk of failure)
Confirm with . or Enter, or press ? or * to list all spells.
Aiming: Sandblast (safe; 1% risk of failure)
Press: ? - help, Shift-Dir - straight line, f - gnoll
Aim: a gnoll, wielding the +8 whip of Fate {heavy, Dex+3} (covering ground quickly, 85% to hit)
The blast of sand hits the gnoll!
The gnoll is almost dead.
The gnoll closely misses you.
The gnoll hits you with the +8 whip of Fate {heavy, Dex+3}.
* * * LOW HITPOINT WARNING * * *
The gnoll hits you with a +0 club.
* * * LOW HITPOINT WARNING * * *
You feel better.
The gnoll hits you with the +8 whip of Fate {heavy, Dex+3}.
The gnoll hits you with a +0 club.
You feel better.
The gnoll is no longer moving quickly.
The gnoll misses you.
The gnoll hits you with the +8 whip of Fate {heavy, Dex+3}!
* * * LOW HITPOINT WARNING * * *
You feel better. The gnoll closely misses you.
A red film seems to cover your vision as you go berserk!
You feel yourself moving faster!
You feel mighty!
The gnoll hits you with the +8 whip of Fate {heavy, Dex+3}.
* * * LOW HITPOINT WARNING * * *
The gnoll hits you with a +0 club!
* * * LOW HITPOINT WARNING * * *
You sock the gnoll!
You kill the gnoll!
The gnoll hits you with a +0 club.
You die...

.#.......###.##.###.#
#.........##.#...##.#
+.........'.......#.#
#.........##.#<..##.#
##.......###.##..##.#
##.....## #........#
##...## #####.####
##'## #)# #.# #@# #.#
#g# ##.## #.#
####...### #.#
.........# #.#
####...#.# #.# #
##.##.#######.# #
####.........#
###########


You could see a gnoll.

Vanquished Creatures
  A black bear (D:4)
  An ogre (D:4)
  A hound (D:4)
  A sleepcap (D:4)
  4 gnolls
  7 adders
  An ufetubus (D:3)
  A worm (D:2)
  2 dart slugs
  An orc (D:4)
  11 ball pythons
  12 endoplasms
  2 giant cockroaches
  3 goblins
  4 hobgoblins
  4 jackals (D:1)
  2 quokkas
  5 bats
  2 frilled lizards (D:2)
  4 kobolds
  7 rats
76 creatures vanquished.

Notes
Turn   | Place    | Note
-------+----------+-------------------------------------------
     0 | D:1      | mrzisme the Gargoyle Earth Elementalist began the quest for
                  | the Orb.
     0 | D:1      | Reached XP level 1. HP: 10/10 MP: 3/3
   152 | D:1      | Found Kookeoshi's General Store.
   199 | D:1      | Reached skill level 1 in Transmutations
   200 | D:1      | Reached skill level 4 in Earth Magic
   200 | D:1      | Reached XP level 2. HP: 15/15 MP: 0/5
   264 | D:1      | Learned a level 2 spell: Passwall
   734 | D:1      | Reached XP level 3. HP: 19/19 MP: 3/6
  1085 | D:1      | Learned a level 3 spell: Stone Arrow
  1289 | D:2      | Reached XP level 4. HP: 24/24 MP: 4/7
  1293 | D:2      | Identified the +2 mace of Fimbulwinter {freeze, Fly rPois
                  | Int-4}
  1469 | D:2      | Reached skill level 5 in Earth Magic
  2002 | D:3      | Found a faded altar of an unknown god.
  2159 | D:3      | Found Veisim's Antique Armour Shop.
  2371 | D:3      | Reached XP level 5. HP: 28/28 MP: 7/9
  2754 | D:4      | Found a blossoming altar of Fedhas.
  2770 | D:4      | Noticed an ogre
  2775 | D:4      | Killed an ogre
  2776 | D:4      | Reached skill level 6 in Earth Magic
  2903 | D:4      | Reached XP level 6. HP: 20/32 MP: 2/10
  3054 | D:4      | Noticed a black bear
  3254 | D:4      | Found a burning altar of Makhleb.
  3254 | D:4      | Identified the +8 whip of Fate {heavy, Dex+3}
  3297 | D:4      | Killed a black bear
  3298 | D:4      | Reached skill level 1 in Conjurations
  3370 | D:4      | Learned a level 4 spell: Petrify
  3422 | D:3      | Slain by a gnoll

Illustrated notes

Levels and vault maps discovered:
D:1:      minmay_arrival_radiant_lines, layout_basic, serial_forest,
          infiniplex_forest_3_way, infiniplex_forest_straight_4,
          infiniplex_forest_clump_double, infiniplex_forest_corner_1,
          infiniplex_forest_lined_3, infiniplex_forest_clump_curved,
          serial_shops, nicolae_shop_just_a_little_nook, supply_closet_lemuel,
          minmay_box_of_dots
D:2:      layout_rooms
D:3:      layout_loops_corners, serial_shops, nicolae_shop_behind_doors,
          ebering_ecumenical_altar_hall
D:4:      layout_rooms, bloody_makhleb, fedhas_altar_1

Skill      XL: |  1  2  3  4  5  6 |
---------------+-------------------+-----
Transmutations | 1 2 |  2.4
Earth Magic    | 4 5 6 |  6.7
Spellcasting   | 3 |  3.5
Conjurations   | 1 |  1.9
Dodging        | |  1.5
Stealth        | |  2.1

Action                     |  1- 3 |  4- 6 || total
---------------------------+-------+-------++-------
  Melee: Mace              |     8 |     3 ||    11
  Throw: Stone             |     3 |       ||     3
   Cast: Sandblast         |    37 |    67 ||   104
         Passwall          |       |     1 ||     1
         Stone Arrow       |       |     1 ||     1
    Use: Scroll            |       |     3 ||     3
         Potion            |       |     4 ||     4
 Armour: Robe              |     7 |    21 ||    28
  Dodge: Dodged            |    20 |    48 ||    68
